 Dungeon Crawl Stone Soup version 0.31-a0-700-gf13585253f (webtiles) character file.

Game seed: 12804580368472294879

15 qw the Shooter (level 2, -4/17 HPs)
             Began as a Gargoyle Hunter on Sept 7, 2023.
             Slain by a worm (9 damage)
             ... on level 2 of the Dungeon.
             The game lasted 00:00:15 (523 turns).

qw the Shooter (Gargoyle Hunter)                     Turns: 523, Time: 00:00:15

Health: -4/17      AC:  7    Str: 14    XL:     2   Next: 50%
Magic:  2/2        EV: 10    Int:  9    God:
Gold:   83         SH:  0    Dex: 13    Spells: 1/1 levels left

rFire   . . .        Y - +0 shortbow
rCold   . . .        (shield currently unavailable)
rNeg    + . .        f - +0 ring mail
rPois   inf          (no helmet)
rElec   +            (no cloak)
rCorr   .            (no gloves)
SInv    .            (no boots)
Will    .....        (no amulet)
Stlth   +            (no ring)
HPRegen 0.22/turn    (no ring)
MPRegen 0.08/turn

%: no passive effects
@: no status effects
A: sickness immunity, AC +2, negative energy resistance 1, electricity
resistance, torment resistance 1, petrification resistance
a: no special abilities


You were on level 2 of the Dungeon.
You visited 1 branch of the dungeon, and saw 2 of its levels.

You collected 83 gold pieces.


Innate Abilities, Weirdness & Mutations

You are immune to sickness and miasma.
Your stone body is resilient. (AC +2)
You are immune to poison.
You resist negative energy. (rN+)
You are resistant to electric shocks. (rElec)
You are resistant to unholy torment.
You are immune to petrification.


   Skills:
 - Level 2.1 Fighting
 - Level 4.6 Ranged Weapons
 + Level 0.0 Armour
 - Level 1.5 Dodging
 - Level 1.1 Stealth


You had one spell level left.
You didn't know any spells.
Your spell library was empty.

Inventory:

Hand Weapons
 Y - a +0 shortbow (weapon)
Armour
 f - a +0 ring mail (worn)
Potions
 a - a potion of degeneration {unknown}

Dungeon Overview and Level Annotations

Branches:
Dungeon (2/15)

Altars:


Message History

There is a stone staircase leading up here.
Waypoint 1 assigned to D:2.
a - a murky brown potion A rat comes into view.
The rat moves out of view.
Found an escape hatch in the floor.
Found a stone staircase leading down.
You now have 74 gold pieces (gained 10).
You now have 83 gold pieces (gained 9).
A worm comes into view.
You see here 9 gold pieces.
You shoot an arrow. The arrow barely misses the worm.
You shoot an arrow. The arrow hits the worm.
The worm is lightly wounded.
You shoot an arrow. The arrow hits the worm.
The worm is lightly wounded.
The worm barely misses you.
You shoot an arrow. The arrow hits the worm!
The worm is heavily wounded.
You shoot an arrow. The arrow hits the worm.
The worm is heavily wounded.
The worm bites you!
You shoot an arrow. The arrow hits the worm.
The worm is severely wounded.
The worm bites you.
You shoot an arrow. The arrow barely misses the worm.
The worm barely misses you.
You shoot an arrow. The arrow hits the worm.
The worm is heavily wounded.
You shoot an arrow. The arrow hits the worm.
The worm is severely wounded.
The worm barely misses you.
You shoot an arrow.
The arrow hits the worm but does no damage.
The worm is heavily wounded.
The worm bites you.
You shoot an arrow. The arrow hits the worm.
The worm is severely wounded.
The worm bites you!
Ouch! That really hurt!
You die...

## ## .. . ...
.###. #.# ... ##.#
.### #.# ..#
.....####.##.# .
..........##
....##.###..#..##
..#...rw@...#...#
...##.###..#..#.#
.............# .#
## ##....#.##.###.#
#...#....#......>#
#............###.#
#.####..###....>...
#..###.#######
#..<##.#


You could see a worm and a rat.

Vanquished Creatures
  4 ball pythons (D:1)
  4 giant cockroaches (D:1)
  A quokka (D:1)
  A frilled lizard (D:1)
  A goblin (D:1)
  2 kobolds (D:1)
  2 rats (D:1)
15 creatures vanquished.

Notes
Turn   | Place    | Note
-------+----------+-------------------------------------------
     0 | D:1      | qw the Gargoyle Hunter began the quest for the Orb.
     0 | D:1      | Reached XP level 1. HP: 12/12 MP: 1/1
     0 | D:1      | 0 ||| qw: Version: 0.3-a-76-g4403597
     0 | D:1      | 0 ||| qw: Game counter: 625
     0 | D:1      | 0 ||| qw: Melee chars always use a shield: true
     0 | D:1      | 0 ||| qw: God list: Okawaru
     0 | D:1      | 0 ||| qw: Allow faded altars: false
     0 | D:1      | 0 ||| qw: Do Orc after clearing Dungeon:15 true
     0 | D:1      | 0 ||| qw: Do second Lair branch before Depths: true
     0 | D:1      | 0 ||| qw: Lair rune preference: random
     0 | D:1      | 0 ||| qw: Goals: Normal
     0 | D:1      | 0 ||| PLANNING D:1-11
   137 | D:1      | Reached XP level 2. HP: 13/17 MP: 2/2
   420 | D:1      | Found a faded altar of an unknown god.
   446 | D:1      | 446 ||| UPGRADING to +0 ring mail.
   456 | D:1      | 456 ||| DROPPING +0 leather armour.
   457 | D:1      | 457 ||| READING scroll labelled ZANI TAUCLUNUSS.
   458 | D:1      | 458 ||| READING scroll labelled ITILIM KAIGG.
   462 | D:1      | 462 ||| DROPPING scroll of butterflies.
   522 | D:2      | HP: 4/17 [worm (2)]
   523 | D:2      | Slain by a worm

Levels and vault maps discovered:
D:1:      minmay_arrival_diagonal_passages, layout_rooms,
          hellmonk_ecumenical_altar_prayer_group, minmay_crystal_water
D:2:      layout_loops_ring

Action                     || total
---------------------------++-------
   Fire: Shortbow          ||    57
    Use: Scroll            ||     2
 Armour: Leather armour    ||    13
         Ring mail         ||     4
  Dodge: Dodged            ||    13

Table legend:
 A = Non-vault XP
 B = Vault XP
 C = Vault XP percentage of total XP
 D = Non-vault monster count
 E = Vault monster count
 F = Vault count percentage of total count
                 A         B        C        D         E       F
            +---------+---------+-------+---------+---------+-------
      Total |      21 |       1 |   4.5 |      14 |       1 |   6.7
            +---------+---------+-------+---------+---------+-------
        D:1 |      21 |       1 |   4.5 |      14 |       1 |   6.7
            +---------+---------+-------+---------+---------+-------
